 Dungeon Crawl Stone Soup version 0.31-a0-1223-gfd5aef93c1 (webtiles) character file.

Game seed: 1528231696024236083

82 Ivernyr the Shield-Bearer (level 4, 0/37 HPs)
             Began as a Formicid Fighter on Dec 14, 2023.
             Slain by an orc priest
             ... wielding a +0 falchion
              (4 damage)
             ... on level 3 of the Dungeon.
             The game lasted 00:04:16 (1704 turns).

Ivernyr the Shield-Bearer (Formicid Fighter)        Turns: 1704, Time: 00:04:17

Health: 0/37       AC:  7    Str: 22    XL:     4   Next: 70%
Magic:  4/4        EV:  9    Int:  8    God:
Gold:   128        SH:  5    Dex: 13    Spells: 3/3 levels left

rFire   . . .        a - +0 quarterstaff
rCold   . . .        c - +0 buckler
rNeg    . . .        b - +0 scale mail
rPois   .            (helmet unavailable)
rElec   .            (no cloak)
rCorr   .            (no gloves)
SInv    +            (no boots)
Will    .....        (no amulet) Stlth
                     (no ring)
HPRegen 0.26/turn    (no ring)
MPRegen 0.09/turn

%: no passive effects
@: no status effects
A: permanent stasis, dig shafts and tunnels, antennae 3, four strong arms
a: Dig, Shaft Self


You were on level 3 of the Dungeon.
You visited 1 branch of the dungeon, and saw 3 of its levels.

You collected 128 gold pieces.

Inventory:

Hand Weapons
 a - a +0 quarterstaff (weapon)
Armour
 b - a +0 scale mail (worn)
 c - a +0 buckler (worn)
Wands
 k - a wand of roots (9)
Scrolls
 e - a scroll of blinking {unknown}
 g - 3 scrolls of teleportation {unknown}
 h - a scroll of enchant weapon {unknown}
 j - a scroll of identify {unknown}
Potions
 d - a potion of might
 f - 3 potions of invisibility {unknown}
 i - a potion of mutation {unknown}
 l - a potion of cancellation {unknown}


   Skills:
 + Level 3.8 Fighting
 * Level 3.3 Staves
 + Level 3.8 Armour
 + Level 4.6 Shields


You had 3 spell levels left.
You didn't know any spells.
Your spell library contained the following spells:

 Spells                   Type           Power      Damage    Failure   Level
 Ozocubu's Armour         Ice            0%         N/A       99%         3
 Ozocubu's Refrigeration  Ice            0%         4d7       100%        7


Dungeon Overview and Level Annotations

Branches:
Dungeon (3/15)

Altars:
Xom

Shops:
D:2 (


Innate Abilities, Weirdness & Mutations

You cannot be hasted, slowed, berserked, paralysed or teleported.
You can dig through walls and to a lower floor.
You have a pair of large antennae on your head. (SInv)
Your four strong arms can wield two-handed weapons with a shield.


Message History

Found a stone staircase leading down.
You now have 128 gold pieces (gained 9).
A worm comes into view.
A worm is nearby!
The worm bites you.
You hit the worm but do no damage. You sock the worm!
The worm is heavily wounded.
The worm bites you but does no damage.
You sock the worm!
The worm is almost dead.
The worm completely misses you.
You hit the worm but do no damage.
The worm is severely wounded.
The worm bites you but does no damage.
You sock the worm!
You kill the worm!
You see here a worm corpse.
An orc comes into view. It is wielding a +0 hand axe.
The orc shouts!
You hear a shout! x2
An orc priest comes into view. It is wielding a +0 falchion.
There are monsters nearby!
There are monsters nearby!
The orc priest mumbles some strange prayers to Beogh against you.
Beogh smites you!
An orc priest comes into view. It is wielding a +0 dagger.
The orc priest mumbles some strange prayers to Beogh against you.
Beogh smites you!
An orc comes into view. It is wielding a +0 club.
The orc shouts!
The orc priest looks satisfied for a moment.
You block the orc's attack.
You sock the orc!
You kill the orc!
The orc priest calls down the wrath of Beogh upon you.
Beogh smites you!
* * * LOW HITPOINT WARNING * * *
You see here a +0 hand axe.
The orc priest hits you with a +0 falchion.
You die...

{ # ###########.####
##.......ooo.....
#........@#
###.#†#.#.#.#
#...........##
#...#.#.#.#!.###
#...............
#...#.#.#.#.....#
#.>.............+
#...#.#.#.#.....#
######...............#


You could see 2 orc priests and an orc.

Vanquished Creatures
  Terence (D:2)
  A worm (D:3)
  A dart slug (D:1)
  An orc (D:3)
  5 endoplasms
  2 giant cockroaches
  5 hobgoblins
  3 jackals (D:2)
  4 kobolds
  2 quokkas
  7 ball pythons
  2 bats
  6 frilled lizards
  4 goblins
  5 rats
49 creatures vanquished.

Notes
Turn   | Place    | Note
-------+----------+-------------------------------------------
     0 | D:1      | Ivernyr the Formicid Fighter began the quest for the Orb.
     0 | D:1      | Reached XP level 1. HP: 18/18 MP: 1/1
   238 | D:1      | Reached XP level 2. HP: 24/24 MP: 2/2
   461 | D:1      | Found a faded altar of an unknown god.
   611 | D:1      | Reached XP level 3. HP: 29/29 MP: 3/3
   912 | D:2      | Noticed Terence
   926 | D:2      | Killed Terence
   930 | D:2      | Reached XP level 4. HP: 20/37 MP: 4/4
  1129 | D:2      | Found a shimmering altar of Xom.
  1198 | D:2      | Found Syzuedd's Weapon Boutique.
  1704 | D:3      | Slain by an orc priest

Illustrated notes

Levels and vault maps discovered:
D:1:      dpeg_arrival_connections, layout_loops_corners,
          shapermc_ecumenical_altar_pompeii
D:2:      layout_loops_ring, basic_altar, serial_shops,
          nicolae_shop_tiny_statue_garden, kennysheep_generic_room_7,
          uniq_terence
D:3:      layout_basic, nicolae_uskayaw_murder_on_the_dancefloor, serial_glass,
          glass_columns_b, glass_columns_c, glass_columns_b, glass_columns_a,
          glass_columns_c, glass_columns_a, glass_columns_c, glass_columns_c,
          kennysheep_generic_room_5, uniq_sigmund

Skill      XL: |  1  2  3  4 |
---------------+-------------+-----
Staves         | 3 |  3.3
Fighting       | |  3.8
Armour         | |  3.8
Shields        | |  4.6

Action                     |  1- 3 |  4- 6 || total
---------------------------+-------+-------++-------
  Melee: Quarterstaff      |    60 |    66 ||   126
Ability: Shaft Self        |       |     1 ||     1
 Armour: Scale mail        |    25 |    44 ||    69
  Dodge: Dodged            |    23 |    26 ||    49
  Block: Buckler           |    17 |    16 ||    33

Table legend: (Time is in decaauts)
 A = Elapsed time spent in this place.
 B = Non-inter-level travel time spent in this place.
 C = Inter-level travel time spent in this place.
 D = Time resting spent in this place.
 E = Time spent auto-exploring this place.
 F = Levels seen in this place.
 G = Mean time per level.
                   A        B        C        D        E       F      G
               +--------+--------+--------+--------+--------+-----+--------+
         Total |   1728 |   1666 |     62 |      0 |   1291 |   3 |  576.0 |
       Dungeon |   1728 |   1666 |     62 |      0 |   1291 |   3 |  576.0 |
               +--------+--------+--------+--------+--------+-----+--------+

Top non-repeatable levels by time:
     D:1: 885 daAuts
     D:2: 754 daAuts
     D:3: 88 daAuts
